 Dungeon Crawl Stone Soup version 0.21-a0-442-g848f44b (webtiles) character file.

163 slep the Shooter (level 5, -1/46 HPs)
             Began as a Minotaur Wanderer on Nov 15, 2017.
             Slain by an orc priest
             ... wielding a +1 war axe of flaming
              (6 damage)
             ... on level 3 of the Dungeon.
             The game lasted 00:11:36 (2103 turns).

slep the Shooter (Minotaur Wanderer)                Turns: 2103, Time: 00:11:37

Health: -1/46      AC:  8    Str: 15    XL:     5   Next: 20%
Magic:  5/5        EV:  9    Int: 12    God:
Gold:   130        SH:  0    Dex: 11    Spells: 6/6 levels left

rFire    . . .     SeeInvis +   r - +0 morningstar
rCold    . . .     Gourm    .   (no shield)
rNeg     . . .     Faith    .   s - +2 scale mail {rPois}
rPois    +         Spirit   .   (helmet restricted)
rElec    .         Reflect  .   (no cloak)
rCorr    .         Harm     .   (no gloves)
MR       .....                  (no boots)
Stlth    ..........             (no amulet)
HPRegen  0.15/turn              k - ring of see invisible
MPRegen  0.09/turn              n - +2 ring of dexterity

@: no status effects
A: retaliatory headbutt, horns 2
a: no special abilities


You were on level 3 of the Dungeon.
You were hungry.

You visited 1 branch of the dungeon, and saw 3 of its levels.

You collected 130 gold pieces.

Inventory:

Hand Weapons
 a - a +2 shortbow
 r - a +0 morningstar (weapon)
Missiles
 b - 74 arrows
Armour
 c - a +0 ring mail
 s - a +2 scale mail of poison resistance (worn)
Jewellery
 k - a ring of see invisible (left hand)
 n - a +2 ring of dexterity (right hand)
 p - an uncursed ring of wizardry
Scrolls
 e - 4 scrolls of identify {unknown}
 g - 3 scrolls of teleportation {unknown}
 h - a scroll of amnesia {unknown}
 i - a scroll of remove curse {unknown}
 j - a scroll of magic mapping {unknown}
 l - a scroll of fear {unknown}
Potions
 d - 3 potions of curing
 o - a potion of lignification {unknown}
 q - a potion of mutation {unknown}
Comestibles
 f - 3 bread rations
 m - 2 meat rations


   Skills:
 + Level 3.8 Fighting
 + Level 1.4 Maces & Flails
 + Level 3.9 Bows
 + Level 2.3 Throwing
 + Level 3.0 Armour
 + Level 0.3 Dodging
 + Level 1.0 Spellcasting
   Level 1.0 Necromancy
   Level 1.0 Fire Magic


You had 6 spell levels left.
You didn't know any spells.

Dungeon Overview and Level Annotations

Branches:
Dungeon (3/15)

Altars:
Ashenzari
Trog


Innate Abilities, Weirdness & Mutations

You reflexively headbutt those who attack you in melee.
You have a pair of horns on your head.


Message History

An orc comes into view. It is wielding a hand axe.
You closely miss the orc priest.
The orc shouts!
You barely miss the orc.
The orc priest looks encouraged for a moment.
The orc hits you but does no damage.
You sock the orc!
You kill the orc!
The orc priest invokes the aid of Beogh against you.
Beogh smites you!
* * * LOW HITPOINT WARNING * * *
You barely miss the orc priest. You headbutt the orc priest.
The orc priest is lightly wounded.
The orc priest hits you with a war axe of flaming.
* * * LOW HITPOINT WARNING * * *
The orc priest burns you.
* * * LOW HITPOINT WARNING * * *
You closely miss the orc priest. Your headbutt misses the orc priest.
The orc priest hits you with a war axe of flaming.
You die...

############# ##### #
.....oo@....# ##... .
###########.# #... . ##.
#.# #..# # #... #.# #..#
#..# #.# ##..# #..# #.##.#
#...# #..# #.##.####.#.###
#.#########.##.##...#...###
#........##.##....#####....


You could see an orc priest and an orc.

Vanquished Creatures
  An orc wizard (D:3)
  3 adders
  An ooze (D:1)
  3 worms (D:2)
  2 leopard geckos
  13 orcs
  A ball python (D:1)
  5 giant cockroaches
  4 goblins
  10 hobgoblins
  2 jackals (D:1)
  3 quokkas
  5 bats
  8 frilled lizards
  7 kobolds
  9 rats
77 creatures vanquished.

Notes
Turn   | Place    | Note
-------+----------+-------------------------------------------
     0 | D:1      | slep the Minotaur Wanderer began the quest for the Orb.
     0 | D:1      | slep set off with: a +2 shortbow, 19 arrows, a +0 ring mail, a potion of curing, a bread ration
     0 | D:1      | Reached XP level 1. HP: 18/18 MP: 1/1
   103 | D:1      | Reached XP level 2. HP: 25/25 MP: 2/2
   115 | D:1      | Found a shattered altar of Ashenzari.
   487 | D:1      | Reached XP level 3. HP: 31/31 MP: 3/3
  1510 | D:2      | Found a bloodstained altar of Trog.
  1534 | D:2      | Reached XP level 4. HP: 38/38 MP: 4/4
  1931 | D:3      | Reached skill level 1 in Maces & Flails
  1931 | D:3      | Reached XP level 5. HP: 22/46 MP: 5/5
  2103 | D:3      | Slain by an orc priest

Vault maps used:
D:1:      giann_horns, nicolae_ashenzari_panopticon
D:2:      trog_butcher_becter

Skill      XL: |  1  2  3  4 |
---------------+-------------+-----
Fighting       | 3 |  3.8
Bows           | 2 3 |  3.9
Maces & Flails | 1 |  1.4
Armour         | 3 |  3.0
Throwing       | |  2.3
Dodging        | |  0.3
Spellcasting   | |  1.0
Necromancy     | |  1.0
Fire Magic     | |  1.0

Action                   |  1- 3 |  4- 6 || total
-------------------------+-------+-------++-------
Melee: Shortbow          |     5 |       ||     5
       Morningstar       |       |    71 ||    71
       Headbutt          |       |     6 ||     6
 Fire: Shortbow          |   102 |    22 ||   124
  Eat: Chunk             |     2 |     1 ||     3
Armor: Ring mail         |     8 |     9 ||    17
       Scale mail        |       |    20 ||    20
Dodge: Dodged            |    19 |    50 ||    69

Table legend:
 A = Spawn XP
 B = Non-spawn XP
 C = Spawn XP percentage of total XP
 D = Spawn monster count
 E = Non-spawn monster count
 F = Spawn count percentage of total count
 G = Total turns spent on level
                    A         B        C        D         E        F      G
               +---------+---------+-------+---------+---------+-------+---------
         Total |       0 |     233 |   0.0 |       0 |      77 |   0.0 |  2103
               +---------+---------+-------+---------+---------+-------+---------
           D:1 |       0 |      49 |   0.0 |       0 |      27 |   0.0 |   900
           D:2 |       0 |      48 |   0.0 |       0 |      16 |   0.0 |   702
           D:3 |       0 |     136 |   0.0 |       0 |      34 |   0.0 |   501
               +---------+---------+-------+---------+---------+-------+---------
